 Dungeon Crawl Stone Soup version 0.32-a0-485-g70f7560 (webtiles) character file.

Game seed: 9660610482905548659

4074 Remcycle the Grappler (level 10, 0/76 (88) HPs)
             Began as a Troll Monk on Feb 26, 2024.
             Was an Elder of Okawaru.
             Slain by Jeremiah
             ... wielding a +2 trident of draining
              (5 damage)
             ... on level 7 of the Dungeon.
             The game lasted 00:10:11 (4727 turns).

Remcycle the Grappler (Troll Monk)                  Turns: 4727, Time: 00:10:12

HP:   0/76 (88)     AC:  9    Str: 25    XL:     10   Next: 5%
MP:   9/9           EV: 13    Int:  6    God:    Okawaru [****..]
Gold: 326           SH:  0    Dex: 12    Spells: 9/9 levels left

rFire   . .          .
                       - Unarmed
rCold   + . .        d - orb {light}
rNeg    . . .        b - +1 robe
rPois   .            (helmet restricted)
rElec   .            (no cloak)
rCorr   .            (gloves unavailable)
SInv    .            (boots unavailable)
Will    .....        (no amulet)
Stlth   +            r - +4 ring of protection
HPRegen 1.12/turn    u - ring of protection from cold
MPRegen 0.11/turn

%: no passive effects
@: glowing, heavily drained
A: large, unfitting armour, claws 3, regeneration 1, shaggy fur 1, tough skin 1
a: Renounce Religion, Heroism, Finesse


You were on level 7 of the Dungeon.
You worshipped Okawaru.
Okawaru was greatly pleased with you.
You visited 2 branches of the dungeon, and saw 8 of its levels.

You collected 326 gold pieces.

Inventory:

Hand Weapons
 a - a +1 heavy mace
Armour
 b - a +1 robe (worn)
 d - an orb of light (worn)
Jewellery
 r - a +4 ring of protection (left claw)
 u - a ring of protection from cold (right claw)
Wands
 k - a wand of polymorph (7)
 s - a wand of mindburst (21)
Scrolls
 e - 3 scrolls of brand weapon
 h - 4 scrolls of enchant armour
 j - 2 scrolls of enchant weapon
 q - a scroll of revelation
Potions
 c - a potion of ambrosia
 f - a potion of mutation
 g - a potion of magic {unknown}
 i - 2 potions of resistance {unknown}
 l - 3 potions of lignification
 m - 2 potions of enlightenment {unknown}
 n - a potion of brilliance {unknown}
 o - a potion of heal wounds {unknown}
 p - 2 potions of curing {unknown}
 t - a potion of might


   Skills:
 - Level 2.4 Fighting
 - Level 2.6 Maces & Flails
 + Level 9.1 Dodging
 + Level 10.3 Unarmed Combat


You had 9 spell levels left.
You didn't know any spells.
Your spell library contained the following spells:

 Spells                   Type           Power      Damage    Failure   Level
 Blink                    Tloc           0%         N/A       58%         2
 Lesser Beckoning         Tloc           0%         N/A       58%         2
 Momentum Strike          Conj/Tloc      0%         3d8       58%         2
 Gell's Gravitas          Tloc           0%         N/A       83%         3
 Teleport Other           Tloc           0%         N/A       83%         3
 Dispersal                Tloc           0%         N/A       100%        6


Dungeon Overview and Level Annotations

Branches:
Dungeon (7/15)             Temple (1/1) D:5

Altars:
Ashenzari
Cheibriados
Dithmenos
Elyvilon
Gozag
Hepliaklqana
Makhleb
Nemelex Xobeh
Okawaru
Qazlal
Ru
Sif Muna
Trog
Uskayaw
Vehumet
Xom
Yredelemnul
The Shining One

Shops:
D:6 *(

Annotations:
D:7 Jeremiah


Innate Abilities, Weirdness & Mutations

You are too large for most types of armour.
You have claws for hands.
Your natural rate of healing is unusually fast.
You are covered in fur. (AC +1)
You have tough skin. (AC +1)


Message History

You claw the butterfly!
You kill the butterfly!
The butterfly disappears in a burst of colours! x3
Jeremiah hits you from afar with a +2 trident of draining.
You feel drained.
You claw the butterfly!
You kill the butterfly!
The butterfly disappears in a burst of colours!
Jeremiah hits you from afar with a +2 trident of draining!
You feel drained.
You miss the butterfly.
The butterfly disappears in a burst of colours! x3
Jeremiah mumbles a slurred invocation.
Something smites you!
Unknown command.
You claw the butterfly!
You kill the butterfly!
The butterfly disappears in a burst of colours!
Jeremiah hits you from afar with a +2 trident of draining.
You feel drained.
* * * LOW HITPOINT WARNING * * *
Jeremiah hits you with a +2 trident of draining!
* * * LOW HITPOINT WARNING * * *
You feel drained.
* * * LOW HITPOINT WARNING * * *
Things that are here:
a +0 dagger; an orc corpse You barely miss Jeremiah.
The butterfly disappears in a burst of colours! x3
You mangle Jeremiah!!
Jeremiah is heavily wounded.
Jeremiah throws their arms up pleadingly.
Something smites you!
* * * LOW HITPOINT WARNING * * *
You barely miss Jeremiah.
Jeremiah is heavily wounded.
The butterfly disappears in a burst of colours!
Jeremiah hits you with a +2 trident of draining.
You die...
Jeremiah wails, "I didn't mean to kill anyone!
I'm not a murderer!"

#.## #...#.†#....#
#.# #..#....#...#
#.####.#......#..#
#...###........###
########..###########
..........# ####
#######bb.# ....
#.########bb.###..#
#.......bb@Fbb.)..#
####.#####b..####.#
#. #bb.# #.
#..........# ##
#..#..b.......
...#...b#######
#..##...$. #..
....b.. #. #...#...


You could see Jeremiah.

Vanquished Creatures
  Pikel (D:4)
  An ugly thing (D:7)
  6 yaks (D:7)
  2 steam dragons
  2 water moccasins
  Duvessa (D:6)
  2 black bears
  An orc warrior (D:7)
  A sky beast (D:4)
  An ice beast (D:3)
  An ogre (D:6)
  A centaur (D:7)
  3 lemures (D:4)
  2 bullfrogs (D:6)
  Dowan (D:6)
  6 killer bees (D:7)
  A howler monkey (D:6)
  5 hounds
  4 bombardier beetles
  3 orc priests
  2 iguanas (D:5)
  3 orc wizards (D:6)
  A gnoll (D:1)
  6 adders
  3 white imps
  2 ufetubi (D:5)
  2 ribbon worms (D:2)
  A dart slug (D:1)
  12 orcs
  7 endoplasms
  3 giant cockroaches
  8 hobgoblins
  12 jackals
  7 kobolds
  3 quokkas
  7 ball pythons
  8 bats
  2 frilled lizards
  4 goblins
  9 rats
147 creatures vanquished.

Vanquished Creatures (others)
  An orc (D:6)
1 creature vanquished.

Grand Total: 148 creatures vanquished

Notes
Turn   | Place    | Note
-------+----------+-------------------------------------------
     0 | D:1      | Remcycle the Troll Monk began the quest for the Orb.
     0 | D:1      | Reached XP level 1. HP: 22/22 MP: 0/0
    27 | D:1      | Reached skill level 1 in Unarmed Combat
    27 | D:1      | Reached XP level 2. HP: 20/29 MP: 1/1
   279 | D:1      | Found a faded altar of an unknown god.
   406 | D:1      | Reached XP level 3. HP: 27/36 MP: 2/2
   577 | D:1      | Reached skill level 2 in Unarmed Combat
   919 | D:2      | You fall into a shaft and drop 1 floor!
   951 | D:3      | Reached XP level 4. HP: 26/44 MP: 3/3
  1261 | D:2      | Found a shimmering altar of Xom.
  1603 | D:3      | Reached skill level 3 in Unarmed Combat
  1692 | D:3      | Found a burning altar of Makhleb.
  1949 | D:3      | Found an opulent altar of Gozag.
  2065 | D:3      | Noticed an ice beast
  2073 | D:3      | Killed an ice beast
  2074 | D:3      | Reached XP level 5. HP: 35/50 MP: 4/4
  2232 | D:4      | Reached skill level 4 in Unarmed Combat
  2385 | D:4      | Found a glowing golden altar of the Shining One.
  2405 | D:4      | Reached XP level 6. HP: 59/59 MP: 5/5
  2470 | D:4      | Noticed Pikel
  2482 | D:4      | Killed Pikel
  2483 | D:4      | Reached skill level 5 in Dodging
  2483 | D:4      | Reached skill level 5 in Unarmed Combat
  2483 | D:4      | Reached XP level 7. HP: 44/66 MP: 6/6
  2912 | D:4      | Reached skill level 6 in Unarmed Combat
  3249 | D:5      | Entered Level 5 of the Dungeon
  3266 | D:5      | Found a staircase to the Ecumenical Temple.
  3271 | D:5      | Found a snail-covered altar of Cheibriados.
  3281 | Temple   | Entered the Ecumenical Temple
  3290 | Temple   | Became a worshipper of Warmaster Okawaru
  3290 | Temple   | Reached * piety under Okawaru
  3290 | Temple   | Reached ** piety under Okawaru
  3351 | D:5      | Reached XP level 8. HP: 67/74 MP: 7/7
  3643 | D:6      | Reached skill level 7 in Unarmed Combat
  3652 | D:6      | Noticed Dowan
  3653 | D:6      | Noticed Duvessa
  3658 | D:6      | Killed Dowan
  3668 | D:6      | Killed Duvessa
  3727 | D:6      | Reached *** piety under Okawaru
  3871 | D:6      | Found a stormy altar of Qazlal.
  3908 | D:6      | Reached skill level 8 in Unarmed Combat
  4026 | D:6      | Found Rilieb's Assorted Antiques.
  4064 | D:6      | Reached XP level 9. HP: 55/80 MP: 8/8
  4134 | D:6      | Found Ulienokhlotau's Antique Weapon Shoppe.
  4529 | D:7      | Reached **** piety under Okawaru
  4530 | D:7      | Reached skill level 9 in Unarmed Combat
  4686 | D:7      | Noticed Jeremiah
  4688 | D:7      | Noticed a green ugly thing
  4689 | D:7      | Reached skill level 10 in Unarmed Combat
  4703 | D:7      | Killed a green ugly thing
  4704 | D:7      | Reached XP level 10. HP: 65/88 MP: 9/9
  4727 | D:7      | Slain by Jeremiah

Illustrated notes

Levels and vault maps discovered:
D:1:      nzn_arrival_crosshair, layout_basic,
          hellmonk_ecumenical_altar_inner_sanctum
D:2:      layout_basic, basic_altar
D:3:      layout_basic, nicolae_gozag_cash_rules_everything_around_me,
          mainiacjoe_overflow_cross_hatched, corexii_hall_statues_x
D:4:      layout_loops_corners, mainiacjoe_overflow_six_doors_small,
          dreamdust_princess_bridge, uniq_pikel
D:5:      layout_rooms, cheibriados_altar_1, minmay_temple_entry_wispy,
          st_stairs_1
D:6:      layout_gridville, mainiacjoe_overflow_alcove_2, serial_shops, shop,
          shop, minivault_25, hangedman_decor_lopped, uniq_duvessa
D:7:      layout_loops_ring, amethyst_overflow_temple_binary,
          hangedman_decor_slide_cut, minmay_manual_moon, uniq_maurice,
          uniq_crazy_yiuf_cottage, uniq_jeremiah
Temple:   compressed_dpeg_triangle_lava_temple

Skill      XL: |  1  2  3  4  5  6  7  8  9 |
---------------+----------------------------+-----
Unarmed Combat | 1 2 3 4 5 6 8 10 | 10.3
Dodging        | 3 4 5 6 7 9 |  9.1
Fighting       | |  2.4
Maces & Flails | |  2.6

Action                     |  1- 3 |  4- 6 |  7- 9 | 10-12 || total
---------------------------+-------+-------+-------+-------++-------
  Melee: Unarmed           |    76 |   113 |   206 |    14 ||   409
    Use: Scroll            |       |     9 |     2 |       ||    11
 Armour: Robe              |    63 |    78 |   146 |    11 ||   298
  Dodge: Dodged            |    38 |    51 |   114 |     5 ||   208

Table legend: (Time is in decaauts)
 A = Elapsed time spent in this place.
 B = Non-inter-level travel time spent in this place.
 C = Inter-level travel time spent in this place.
 D = Time resting spent in this place.
 E = Time spent auto-exploring this place.
 F = Levels seen in this place.
 G = Mean time per level.
                   A        B        C        D        E       F      G
               +--------+--------+--------+--------+--------+-----+--------+
         Total |   4683 |   4395 |    288 |     54 |   3526 |   8 |  585.4 |
       Dungeon |   4665 |   4385 |    280 |     54 |   3526 |   7 |  666.4 |
        Temple |     18 |     10 |      8 |      0 |      0 |   1 |   18.0 |
               +--------+--------+--------+--------+--------+-----+--------+

Top non-repeatable levels by time:
     D:4: 1034 daAuts
     D:2: 837 daAuts
     D:6: 749 daAuts
     D:3: 685 daAuts
     D:1: 676 daAuts
     D:7: 344 daAuts
     D:5: 336 daAuts
  Temple: 18 daAuts
